TOP OF THE 1ST |
San Diego (APP) Padres batting - Pitching for Chicago (APP) Cubs : RHP Carlos Zavala
|
Pitching: RHP Carlos Zavala
|
|
Batting: SHB Yutaro Takahashi
|
0-0: Called Strike 0-1: Called Strike 0-2: Ball 1-2: Ball 2-2: Strikes out swinging
|
Batting: RHB Freddie Brown
|
0-0: Ball 1-0: Ball 2-0: Ball 3-0: Base on Balls
|
Batting: RHB Antonio Lara
|
0-0: Ball Freddie Brown steals 2nd base 1-0: Called Strike 1-1: Called Strike 1-2: Ball 2-2: Ball 3-2: 2-RUN HOME RUN (Flyball, 7D, EV 97.5 MPH), Distance : 391 ft
|
Batting: LHB Carlos Cuellar
|
0-0: SINGLE (Groundball, 6M, EV 81.9 MPH) (infield hit)
|
Batting: RHB Aaron Joseph
|
0-0: Called Strike 0-1: Ball 1-1: Ball 2-1: Called Strike 2-2: Ball 3-2: Foul Ball, location: 2F 3-2: Base on Balls Carlos Cuellar to second
|
Pitching: RHP Ryan Masterson
|
|
Batting: LHB Phil Lerner
|
0-0: Ball 1-0: Foul Ball, location: 2F 1-1: Ball 2-1: Foul Ball, location: 2F 2-2: Ball 3-2: Base on Balls Carlos Cuellar to third Aaron Joseph to second
|
Batting: RHB Tyler West
|
0-0: Ball 1-0: Ball 2-0: Ball 3-0: Called Strike 3-1: Base on Balls Carlos Cuellar scores Aaron Joseph to third Phil Lerner to second
|
Batting: RHB Max Stillo
|
0-0: Ball 1-0: Swinging Strike 1-1: Called Strike 1-2: Fly out, F5 (Flyball, 56D, EV 95.0 MPH)
|
Batting: RHB Justin Blount
|
0-0: Foul Ball, location: 2F 0-1: Ball 1-1: Ball 2-1: SINGLE (Groundball, 6MD, EV 102.5 MPH) Aaron Joseph scores Phil Lerner to third Tyler West to second Runner from 3rd tries for Home, throw by CF and OUT! 8-2
|
Top of the 1st over - 4 runs, 3 hits, 0 errors, 2 left on base; San Diego (APP) 4 - Chicago (APP) 0 |
BOTTOM OF THE 1ST |
Chicago (APP) Cubs batting - Pitching for San Diego (APP) Padres : RHP Roger Watkins
|
Pitching: RHP Roger Watkins
|
|
Batting: RHB Randy Schmitt
|
0-0: Ball 1-0: Ball 2-0: Ground out 6-3 (Groundball, 6, EV 105.6 MPH)
|
Batting: RHB Tak-keung Chieu
|
0-0: Ground out 5-3 (Groundball, 15, EV 83.1 MPH)
|
Batting: RHB Jake Mitchell
|
0-0: Ball 1-0: Ball 2-0: Swinging Strike 2-1: Foul Ball, location: 2F 2-2: Ball 3-2: Foul Ball, location: 2F 3-2: Foul Ball, location: 2F 3-2: Foul Ball, location: 2F 3-2: Strikes out swinging
|
Bottom of the 1st over - 0 runs, 0 hits, 0 errors, 0 left on base; San Diego (APP) 4 - Chicago (APP) 0 |
TOP OF THE 2ND |
San Diego (APP) Padres batting - Pitching for Chicago (APP) Cubs : RHP Ryan Masterson
|
Pitching: LHP Eddie Panagos
|
|
Batting: SHB Yutaro Takahashi
|
0-0: Called Strike 0-1: Ball 1-1: Swinging Strike 1-2: Strikes out looking
|
Batting: RHB Freddie Brown
|
0-0: Swinging Strike 0-1: Called Strike 0-2: Ball 1-2: Strikes out swinging
|
Batting: RHB Antonio Lara
|
0-0: DOUBLE (Line Drive, 78M, EV 92.5 MPH)
|
Batting: LHB Carlos Cuellar
|
0-0: Swinging Strike 0-1: Swinging Strike 0-2: Strikes out swinging
|
Top of the 2nd over - 0 runs, 1 hit, 0 errors, 1 left on base; San Diego (APP) 4 - Chicago (APP) 0 |
BOTTOM OF THE 2ND |
Chicago (APP) Cubs batting - Pitching for San Diego (APP) Padres : RHP Roger Watkins
|
Batting: SHB Andrew Baron
|
0-0: Foul Ball, location: 2F 0-1: Reached on error, E6 (Groundball, 56, EV 78.8 MPH)
|
Batting: RHB Julio Arteaga
|
0-0: Ball 1-0: Grounds into double play, 4-6-3 (Groundball, 4, EV 82.5 MPH)
|
Batting: RHB Jake Newman
|
0-0: SINGLE (Groundball, 6MD, EV 100.6 MPH)
|
Batting: RHB Dwight Bean
|
0-0: Foul Ball, location: 2F 0-1: Fly out, F5 (Popup, 56S, EV 77.5 MPH)
|
Bottom of the 2nd over - 0 runs, 1 hit, 1 error, 1 left on base; San Diego (APP) 4 - Chicago (APP) 0 |
TOP OF THE 3RD |
San Diego (APP) Padres batting - Pitching for Chicago (APP) Cubs : LHP Eddie Panagos
|
Batting: RHB Aaron Joseph
|
0-0: Ground out 6-3 (Groundball, 6, EV 108.8 MPH)
|
Batting: LHB Phil Lerner
|
0-0: Called Strike 0-1: Ball 1-1: Ball 2-1: Ball 3-1: Base on Balls
|
Pitching: RHP Rob Craft
|
|
Batting: RHB Tyler West
|
0-0: Called Strike 0-1: Fly out, F4 (Popup, 4S, EV 75.0 MPH)
|
Batting: RHB Max Stillo
|
0-0: Ball 1-0: Ball 2-0: Foul Ball, location: 2F 2-1: Ball 3-1: Base on Balls Phil Lerner to second
|
Batting: RHB Justin Blount
|
0-0: Ball 1-0: Ball 2-0: Called Strike 2-1: Ball 3-1: Called Strike 3-2: Foul Ball, location: 2F 3-2: Foul Ball, location: 2F 3-2: Ground out 6-3 (Groundball, 6, EV 103.1 MPH)
|
Top of the 3rd over - 0 runs, 0 hits, 0 errors, 2 left on base; San Diego (APP) 4 - Chicago (APP) 0 |
BOTTOM OF THE 3RD |
Chicago (APP) Cubs batting - Pitching for San Diego (APP) Padres : RHP Roger Watkins
|
Batting: LHB Arnaldo Cardamenho
|
0-0: Called Strike 0-1: Swinging Strike 0-2: Strikes out swinging
|
Batting: RHB Josh MacQueen
|
0-0: Swinging Strike 0-1: Ball 1-1: Swinging Strike 1-2: Strikes out looking
|
Batting: RHB Randy Schmitt
|
0-0: Foul Ball, location: 2F 0-1: Called Strike 0-2: Ground out 5-3 (Groundball, 56S, EV 70.6 MPH)
|
Bottom of the 3rd over - 0 runs, 0 hits, 0 errors, 0 left on base; San Diego (APP) 4 - Chicago (APP) 0 |
TOP OF THE 4TH |
San Diego (APP) Padres batting - Pitching for Chicago (APP) Cubs : RHP Rob Craft
|
Batting: SHB Yutaro Takahashi
|
0-0: Foul Ball, location: 2F 0-1: Ball 1-1: Ball 2-1: Swinging Strike 2-2: Ball 3-2: Base on Balls
|
Pitching: RHP Karl Stuart
|
|
Batting: RHB Freddie Brown
|
0-0: Called Strike 0-1: Called Strike Yutaro Takahashi steals 2nd base 0-2: SINGLE (Groundball, 56, EV 95.0 MPH) Yutaro Takahashi to third Runner from 3rd tries for Home, SAFE, throw by LF to home
|
Batting: RHB Antonio Lara
|
0-0: Called Strike Freddie Brown steals 2nd base 0-1: Swinging Strike 0-2: Ball 1-2: Ball 2-2: Ball 3-2: Strikes out swinging
|
Batting: LHB Carlos Cuellar
|
0-0: Swinging Strike 0-1: SINGLE (Groundball, 4MD, EV 109.4 MPH) Freddie Brown to third
|
Batting: RHB Aaron Joseph
|
0-0: Ball 1-0: SINGLE (Groundball, 6MD, EV 109.4 MPH) Freddie Brown scores Carlos Cuellar to second
|
Batting: LHB Phil Lerner
|
0-0: Ball 1-0: Ball 2-0: Swinging Strike 2-1: Ball 3-1: Foul Ball, location: 2F 3-2: Base on Balls Carlos Cuellar to third Aaron Joseph to second
|
Batting: RHB Tyler West
|
0-0: Called Strike 0-1: Foul Ball, location: 2F 0-2: Ball 1-2: Foul Ball, location: 2F 1-2: Foul Ball, location: 2F 1-2: Fly out, F8 (Flyball, 8RD, EV 75.6 MPH) Runner from 3rd tags up, SCORES, throw by CF Aaron Joseph to third
|
Batting: RHB Max Stillo
|
0-0: Ball 1-0: Ball 2-0: Ball 3-0: Base on Balls Phil Lerner to second
|
Batting: RHB Justin Blount
|
0-0: Called Strike 0-1: Ball 1-1: Called Strike 1-2: Ball 2-2: Ball 3-2: Foul Ball, location: 2F 3-2: Foul Ball, location: 2F 3-2: Reached on error, E5 (Groundball, 56S, EV 83.8 MPH) Aaron Joseph scores Phil Lerner scores Max Stillo to third
|
Batting: SHB Yutaro Takahashi
|
0-0: Swinging Strike 0-1: Foul Ball, location: 2F 0-2: Strikes out swinging
|
Top of the 4th over - 5 runs, 3 hits, 1 error, 2 left on base; San Diego (APP) 9 - Chicago (APP) 0 |
BOTTOM OF THE 4TH |
Chicago (APP) Cubs batting - Pitching for San Diego (APP) Padres : RHP Roger Watkins
|
Batting: RHB Tak-keung Chieu
|
0-0: Fly out, F8 (Flyball, 8LXD, EV 104.4 MPH)
|
Batting: RHB Jake Mitchell
|
0-0: Ball 1-0: Ball 2-0: Ball 3-0: Fly out, F9 (Flyball, 9, EV 90.6 MPH)
|
Batting: SHB Andrew Baron
|
0-0: Fly out, F9 (Flyball, 9LM, EV 73.1 MPH)
|
Bottom of the 4th over - 0 runs, 0 hits, 0 errors, 0 left on base; San Diego (APP) 9 - Chicago (APP) 0 |
TOP OF THE 5TH |
San Diego (APP) Padres batting - Pitching for Chicago (APP) Cubs : RHP Karl Stuart
|
Batting: RHB Freddie Brown
|
0-0: Ball 1-0: SOLO HOME RUN (Flyball, 78XD, EV 114.4 MPH), Distance : 427 ft
|
Pitching: RHP Dustin Buckner
|
|
Batting: RHB Antonio Lara
|
0-0: Ball 1-0: Called Strike 1-1: DOUBLE (Line Drive, 78XD, EV 98.1 MPH)
|
Batting: LHB Carlos Cuellar
|
0-0: Ball 1-0: Foul Ball, location: 2F 1-1: Foul Ball, location: 2F 1-2: Ball 2-2: Foul Ball, location: 2F 2-2: Fly out, F8 (Flyball, 78D, EV 105.6 MPH)
|
Batting: RHB Aaron Joseph
|
0-0: Ball 1-0: Ball 2-0: Ball 3-0: Base on Balls
|
Batting: LHB Phil Lerner
|
0-0: Ball 1-0: Called Strike 1-1: Ball 2-1: Ball 3-1: Base on Balls Antonio Lara to third Aaron Joseph to second
|
Batting: RHB Tyler West
|
0-0: Called Strike 0-1: Foul Ball, location: 2F 0-2: Ball 1-2: Foul Ball, location: 2F 1-2: Grounds into double play, 5-4-3 (Groundball, 56, EV 96.9 MPH)
|
Top of the 5th over - 1 run, 2 hits, 0 errors, 2 left on base; San Diego (APP) 10 - Chicago (APP) 0 |
BOTTOM OF THE 5TH |
Chicago (APP) Cubs batting - Pitching for San Diego (APP) Padres : RHP Roger Watkins
|
Batting: RHB Julio Arteaga
|
0-0: Ground out 6-3 (Groundball, 6, EV 90.0 MPH)
|
Batting: RHB Jake Newman
|
0-0: Swinging Strike 0-1: Swinging Strike 0-2: Ball 1-2: Ball 2-2: Strikes out looking
|
Batting: RHB Dwight Bean
|
0-0: Ball 1-0: Swinging Strike 1-1: Swinging Strike 1-2: Ball 2-2: Strikes out swinging
|
Bottom of the 5th over - 0 runs, 0 hits, 0 errors, 0 left on base; San Diego (APP) 10 - Chicago (APP) 0 |
TOP OF THE 6TH |
San Diego (APP) Padres batting - Pitching for Chicago (APP) Cubs : RHP Dustin Buckner
|
Batting: RHB Max Stillo
|
0-0: Ball 1-0: SINGLE (Line Drive, 4D, EV 95.0 MPH)
|
Batting: RHB Justin Blount
|
0-0: Foul Ball, location: 2F 0-1: Ball 1-1: Called Strike 1-2: Fielders Choice at 2nd, 3-6 (Groundball, 3, EV 81.9 MPH)
|
Batting: SHB Yutaro Takahashi
|
0-0: Called Strike 0-1: Swinging Strike 0-2: Strikes out looking
|
Batting: RHB Freddie Brown
|
0-0: Ball 1-0: Ball 2-0: Ball 3-0: Base on Balls Justin Blount to second
|
Batting: RHB Antonio Lara
|
0-0: Called Strike 0-1: Ball 1-1: Ball 2-1: Foul Ball, location: 2F 2-2: Ball 3-2: Base on Balls Justin Blount to third Freddie Brown to second
|
Batting: LHB Carlos Cuellar
|
0-0: Ball 1-0: Ball 2-0: Ball 3-0: Base on Balls Justin Blount scores Freddie Brown to third Antonio Lara to second
|
Batting: RHB Aaron Joseph
|
0-0: Ball 1-0: Ball 2-0: Swinging Strike 2-1: SINGLE (Groundball, 6D, EV 108.8 MPH) Freddie Brown scores Antonio Lara to third Carlos Cuellar to second Runner from 3rd tries for Home, SAFE, throw by CF to home
|
Batting: LHB Phil Lerner
|
0-0: Ball 1-0: Foul Ball, location: 2F 1-1: Called Strike 1-2: Ball 2-2: Ball 3-2: Base on Balls Carlos Cuellar to third Aaron Joseph to second
|
Batting: RHB Tyler West
|
0-0: Ball 1-0: DOUBLE (Line Drive, 9LS, EV 104.4 MPH) Carlos Cuellar scores Aaron Joseph scores Phil Lerner to third
|
Batting: RHB Max Stillo
|
0-0: Foul Ball, location: 2F 0-1: Foul Ball, location: 2F 0-2: Strikes out swinging
|
Top of the 6th over - 5 runs, 3 hits, 0 errors, 2 left on base; San Diego (APP) 15 - Chicago (APP) 0 |
BOTTOM OF THE 6TH |
Chicago (APP) Cubs batting - Pitching for San Diego (APP) Padres : RHP Roger Watkins
|
Batting: LHB Arnaldo Cardamenho
|
0-0: SINGLE (Groundball, 6D, EV 108.1 MPH)
|
Batting: RHB Josh MacQueen
|
0-0: Sac Bunt to 2L - play at first, batter OUT! 2-3 Arnaldo Cardamenho to second
|
Batting: RHB Randy Schmitt
|
0-0: Called Strike 0-1: Ball 1-1: Ball 2-1: Ground out 5-3 (Groundball, 56S, EV 84.4 MPH)
|
Batting: RHB Tak-keung Chieu
|
0-0: Ball 1-0: Ball 2-0: Ball 3-0: Called Strike 3-1: Base on Balls
|
Batting: RHB Jake Mitchell
|
0-0: Ball 1-0: Ball 2-0: Called Strike 2-1: Foul Ball, location: 2F 2-2: Strikes out swinging
|
Bottom of the 6th over - 0 runs, 1 hit, 0 errors, 2 left on base; San Diego (APP) 15 - Chicago (APP) 0 |
TOP OF THE 7TH |
San Diego (APP) Padres batting - Pitching for Chicago (APP) Cubs : RHP Dustin Buckner
|
Batting: RHB Justin Blount
|
0-0: Ball 1-0: Swinging Strike 1-1: Ball 2-1: Ball 3-1: Base on Balls
|
Batting: SHB Yutaro Takahashi
|
0-0: Ball 1-0: Called Strike 1-1: Ball 2-1: Foul Ball, location: 2F 2-2: Fly out, F9 (Flyball, 9D, EV 83.8 MPH)
|
Batting: RHB Freddie Brown
|
0-0: Ball 1-0: Called Strike 1-1: Ball 2-1: Ball Wild Pitch! Justin Blount to second 3-1: DOUBLE (Flyball, 8LXD, EV 109.4 MPH) Justin Blount scores
|
Batting: RHB Antonio Lara
|
0-0: Ball 1-0: Swinging Strike 1-1: Ball 2-1: Swinging Strike 2-2: Ball 3-2: Strikes out swinging
|
Batting: LHB Carlos Cuellar
|
0-0: SINGLE (Groundball, 34D, EV 81.2 MPH) (infield hit) Freddie Brown to third
|
Batting: RHB Aaron Joseph
|
0-0: DOUBLE (Line Drive, 8RD, EV 107.5 MPH) Freddie Brown scores Carlos Cuellar to third
|
Batting: LHB Phil Lerner
|
0-0: Ball Passed Ball! Carlos Cuellar scores Aaron Joseph to third 1-0: Called Strike 1-1: Ball 2-1: Ball 3-1: Base on Balls
|
Batting: RHB Tyler West
|
0-0: Called Strike 0-1: Ball 1-1: SINGLE (Line Drive, 34D, EV 94.4 MPH) Aaron Joseph scores Phil Lerner to second
|
Batting: RHB Max Stillo
|
0-0: Fielders Choice at 2nd, 6-4 (Groundball, 6, EV 107.5 MPH)
|
Top of the 7th over - 4 runs, 4 hits, 0 errors, 2 left on base; San Diego (APP) 19 - Chicago (APP) 0 |
BOTTOM OF THE 7TH |
Chicago (APP) Cubs batting - Pitching for San Diego (APP) Padres : RHP Roger Watkins
|
Batting: SHB Andrew Baron
|
0-0: Ball 1-0: Ball 2-0: Foul Ball, location: 2F 2-1: Foul Ball, location: 2F 2-2: Foul Ball, location: 2F 2-2: Ball 3-2: Foul Ball, location: 2F 3-2: Foul Ball, location: 2F 3-2: SINGLE (Groundball, 34, EV 98.1 MPH)
|
Batting: RHB Julio Arteaga
|
0-0: Called Strike 0-1: Fielders Choice at 2nd, 4-6 (Groundball, 4, EV 100.0 MPH)
|
Batting: RHB Jake Newman
|
0-0: Sac Bunt to 15 - play at first, batter OUT! 1-3 Julio Arteaga to second
|
Batting: RHB Dwight Bean
|
0-0: SINGLE (Groundball, 15S, EV 65.6 MPH) (infield hit) Julio Arteaga to third
|
Batting: LHB Arnaldo Cardamenho
|
0-0: Ball 1-0: Swinging Strike 1-1: Ball 2-1: Ball 3-1: Foul Ball, location: 2F 3-2: Foul Ball, location: 2F 3-2: Foul Ball, location: 2F 3-2: Strikes out swinging
|
Bottom of the 7th over - 0 runs, 2 hits, 0 errors, 2 left on base; San Diego (APP) 19 - Chicago (APP) 0 |
TOP OF THE 8TH |
San Diego (APP) Padres batting - Pitching for Chicago (APP) Cubs : RHP Dustin Buckner
|
Batting: RHB Justin Blount
|
0-0: Called Strike 0-1: Ball 1-1: Ball 2-1: Foul Ball, location: 2F 2-2: Ball 3-2: Base on Balls
|
Batting: SHB Yutaro Takahashi
|
0-0: Ball Passed Ball! Justin Blount to second 1-0: Ball 2-0: Called Strike 2-1: Ball 3-1: Swinging Strike 3-2: Base on Balls
|
Batting: RHB Freddie Brown
|
0-0: Called Strike 0-1: Ball 1-1: Called Strike 1-2: Strikes out swinging
|
Batting: RHB Antonio Lara
|
0-0: Reached on error, E6 (Groundball, 6S, EV 85.6 MPH) Justin Blount to third Yutaro Takahashi to second
|
Batting: LHB Carlos Cuellar
|
0-0: Ball 1-0: Swinging Strike 1-1: Ball 2-1: Ball 3-1: Called Strike 3-2: Base on Balls Justin Blount scores Yutaro Takahashi to third Antonio Lara to second
|
Batting: RHB Aaron Joseph
|
0-0: Ball 1-0: Ball 2-0: Ball 3-0: Base on Balls Yutaro Takahashi scores Antonio Lara to third Carlos Cuellar to second
|
Batting: LHB Phil Lerner
|
0-0: Called Strike 0-1: SINGLE (Line Drive, 7S, EV 101.2 MPH) Antonio Lara scores Carlos Cuellar to third Aaron Joseph to second
|
Batting: RHB Tyler West
|
0-0: SINGLE (Groundball, 6MD, EV 87.5 MPH) (infield hit) Carlos Cuellar scores Aaron Joseph to third Phil Lerner to second
|
Pinch Runner at 1st Conor Barron:
|
|
Batting: RHB Max Stillo
|
0-0: Fielders Choice at 2nd, 5-4 (Groundball, 56S, EV 88.8 MPH) Aaron Joseph scores Phil Lerner to third
|
Batting: RHB Justin Blount
|
0-0: SINGLE (Groundball, 34D, EV 108.1 MPH) Phil Lerner scores Max Stillo to second
|
Batting: SHB Yutaro Takahashi
|
0-0: Ball Passed Ball! Max Stillo to third Justin Blount to second 1-0: Ball 2-0: Ball 3-0: Called Strike 3-1: Called Strike 3-2: Base on Balls
|
Batting: RHB Freddie Brown
|
0-0: Ball 1-0: Foul Ball, location: 2F 1-1: Called Strike 1-2: SINGLE (Groundball, 4MD, EV 109.4 MPH) Max Stillo scores Justin Blount to third Yutaro Takahashi to second Throwing error, E8 Justin Blount scores Yutaro Takahashi to third Freddie Brown to second
|
Batting: RHB Antonio Lara
|
0-0: Swinging Strike 0-1: Swinging Strike 0-2: Ball 1-2: DOUBLE (Line Drive, 7LM, EV 101.9 MPH) Yutaro Takahashi scores Freddie Brown scores
|
Batting: LHB Carlos Cuellar
|
0-0: Ground out U3 (Groundball, 34, EV 85.0 MPH)
|
Top of the 8th over - 10 runs, 5 hits, 2 errors, 1 left on base; San Diego (APP) 29 - Chicago (APP) 0 |
BOTTOM OF THE 8TH |
Chicago (APP) Cubs batting - Pitching for San Diego (APP) Padres : RHP Roger Watkins
|
Now at 2B: Brent Little
|
|
Batting: RHB Josh MacQueen
|
0-0: Ball 1-0: Called Strike 1-1: Foul Ball, location: 2F 1-2: Strikes out swinging
|
Batting: RHB Randy Schmitt
|
0-0: Foul Ball, location: 2F 0-1: Foul Ball, location: 2F 0-2: Ball 1-2: Ball 2-2: Ball 3-2: Fly out, F9 (Flyball, 89D, EV 89.4 MPH)
|
Batting: RHB Tak-keung Chieu
|
0-0: Ball 1-0: Ball 2-0: Ball 3-0: Called Strike 3-1: Base on Balls
|
Pitching: RHP Scott Gillis
|
|
Batting: RHB Jake Mitchell
|
0-0: Ball 1-0: Called Strike 1-1: Called Strike 1-2: Strikes out swinging
|
Bottom of the 8th over - 0 runs, 0 hits, 0 errors, 1 left on base; San Diego (APP) 29 - Chicago (APP) 0 |
TOP OF THE 9TH |
San Diego (APP) Padres batting - Pitching for Chicago (APP) Cubs : RHP Dustin Buckner
|
Batting: RHB Aaron Joseph
|
0-0: Fly out, F9 (Flyball, 89D, EV 106.2 MPH)
|
Batting: LHB Phil Lerner
|
0-0: DOUBLE (Line Drive, 7LM, EV 96.2 MPH)
|
Batting: RHB Brent Little
|
0-0: Ground out 5-3 (Groundball, 56S, EV 68.1 MPH) Phil Lerner to third
|
Batting: RHB Max Stillo
|
0-0: Called Strike 0-1: Foul Ball, location: 2F 0-2: Ball 1-2: Reached on error, E5 (Groundball, 5, EV 76.2 MPH) Phil Lerner scores
|
Batting: RHB Justin Blount
|
0-0: Ground out 4-3 (Groundball, 4, EV 84.4 MPH)
|
Top of the 9th over - 1 run, 1 hit, 1 error, 1 left on base; San Diego (APP) 30 - Chicago (APP) 0 |
BOTTOM OF THE 9TH |
Chicago (APP) Cubs batting - Pitching for San Diego (APP) Padres : RHP Scott Gillis
|
Batting: SHB Andrew Baron
|
0-0: Ball 1-0: Ball 2-0: Called Strike 2-1: Ball 3-1: Foul Ball, location: 2F 3-2: Strikes out swinging
|
Batting: RHB Julio Arteaga
|
0-0: Ball 1-0: Ball 2-0: Foul Ball, location: 2F 2-1: Foul Ball, location: 2F 2-2: Strikes out swinging
|
Batting: RHB Jake Newman
|
0-0: Ground out 5-3 (Groundball, 56, EV 81.2 MPH)
|
Bottom of the 9th over - 0 runs, 0 hits, 0 errors, 0 left on base; San Diego (APP) 30 - Chicago (APP) 0 |
|